cohdb
Replays
Latest Replays
All Replays
Popular Replays
Top Player Replays
Match Explorer
How It Works
Community
CoH3 Stats
Reddit
Sign in to upload your games and track your stats! →
Sign in with Steam
Match 43745370
Unlisted
Match 43745370
Overview
Messages
Build Orders
End
Construct Weapon Support Center
Engineer Squad
Selects Armored Battlegroup
Selects Veteran Crews
M1919 Machine Gun Team
M1919 Machine Gun Team
M1919 Machine Gun Team
Infantry Support Center
Bazooka Squad
Selects Fast Deploy
M3 Armored Personnel Carrier
.30 cal Machine Gun
M3 Armored Personnel Carrier
.30 cal Machine Gun
M3 Armored Personnel Carrier
Barbarossa
Nico-Nico-Nii~~
0
0
Comments
sign in to comment!
No comments posted yet!